 Dungeon Crawl Stone Soup version 0.29-a0-330-g52719c12eb (webtiles) character file.

Game seed: 188154848409660950

4410 Crownlay the Thaumaturge (level 10, 0/74 HPs)
             Began as an Octopode Earth Elementalist on May 1, 2022.
             Was a Follower of Ashenzari.
             Slain by a shadow (13 damage)
             ... on level 9 of the Dungeon.
             The game lasted 00:21:25 (12779 turns).

Crownlay the Thaumaturge (OpEE)                    Turns: 12779, Time: 00:21:25

Health: 0/74       AC:  3    Str: 11    XL:     10   Next: 36%
Magic:  7/22       EV: 13    Int: 29    God:    Ashenzari [*.....]
Gold:   517        SH:  0    Dex: 12    Spells: 21/25 levels left

rFire   . . .      SeeInvis .   y - +8 hand crossbow of Desmomancy {freeze, Fly Will+, Alch, Evo} (curse)
rCold   . . .      Faith    .   (no shield)
rNeg    . . .      Spirit   .   (helmet restricted)
rPois   .          Reflect  .   (no amulet)
rElec   .          Harm     .   e - ring "Circumscribed With Me" {Fly, Cun, Melee} (curse)
rCorr   .          Rampage  .   q - ring of the Fated Seeker {Int+6, Range, Alch} (curse)
Will    +....                   (no ring)
Stlth   +++.......              (no ring)
HPRegen 0.22/turn               (no ring)
MPRegen 0.18/turn               (no ring)
                                (no ring)
                                (no ring)

@: flying
A: almost no armour, amphibious, 8 rings, camouflage 1, gelatinous body 1,
(nimble swimmer 1), tentacles, iridescent scales 1, robust 1, strong 2
a: Renounce Religion, Shatter the Chains


You were on level 9 of the Dungeon.
You worshipped Ashenzari.
Ashenzari was aware of your devotion.
You visited 2 branches of the dungeon, and saw 10 of its levels.

You collected 703 gold pieces.
You spent 186 gold pieces at shops.

Inventory:

Hand Weapons
 t - the +5 dagger "Wev Baph" {flame, Dex+2}
   (You found it on level 6 of the Dungeon)

   It burns those it strikes, dealing additional fire damage.
   Dex:       It affects your dexterity (+2).
 y - the cursed +8 hand crossbow of Desmomancy (weapon) {freeze, Fly Will+, Alch, Evo}
   (You found it on level 6 of the Dungeon)

   Any ammunition fired from it freezes those it strikes, dealing additional
   cold damage.
   It can also slow down cold-blooded creatures.
   Fly:       It grants you flight.
   Will:      It increases your willpower.
   It has a curse which improves the following skills: Alchemy: Poison Magic and
   Transmutations.
   Evocations: Evocations.
Missiles
 l - a throwing net
 w - 105 stones
Jewellery
 e - the cursed ring "Circumscribed With Me" (left tentacle) {Fly, Cun, Melee}
   (You found it on level 1 of the Dungeon)

   [ring of flight]

   Fly:       It grants you flight.
   It has a curse which improves the following skills: Cunning: Dodging and
   Stealth.
   Melee Combat: Short Blades, Long Blades, Axes, Maces & Flails, Polearms,
   Staves and Unarmed Combat.
 q - the cursed ring of the Fated Seeker (right tentacle) {Int+6, Range, Alch}
   (You found it on level 5 of the Dungeon)

   [ring of intelligence]

   Int:       It affects your intelligence (+6).
   It has a curse which improves the following skills: Ranged Combat: Slings,
   Bows, Crossbows and Throwing.
   Alchemy:   Poison Magic and Transmutations.
Wands
 i - a wand of mindburst (5)
 m - a wand of iceblast (17)
 u - a wand of digging (6)
 C - a wand of polymorph (19)
 D - a wand of flame (7)
Scrolls
 a - a scroll of fog
 g - 5 scrolls of teleportation
 k - 3 scrolls of enchant armour
 n - a scroll of brand weapon
 o - a scroll of blinking
 v - a scroll of magic mapping
Potions
 b - a potion of haste
 c - a potion of magic
 d - 6 potions of curing
 f - 2 potions of resistance
 h - 5 potions of heal wounds
 j - 3 potions of brilliance
 s - 2 potions of invisibility
 x - a potion of mutation
 z - 2 potions of attraction
 A - a potion of cancellation


   Skills:
 + Level 5.8 Fighting
 - Level 2.0(2.6) Dodging
 - Level 2.6(3.4) Stealth
 + Level 3.0(3.7) Unarmed Combat
 * Level 8.1 Spellcasting
 + Level 2.7 Hexes
 + Level 6.1(7.4) Transmutations
 - Level 8.0 Earth Magic


You had 21 spell levels left.
You knew the following spells:

 Your Spells              Type           Power      Damage    Failure   Level
a - Sandblast             Erth           100%       2d20      1%          1
b - Stone Arrow           Conj/Erth      68%        3d11      2%          3

Your spell library contained the following spells:

 Spells                   Type           Power      Damage    Failure   Level
 Passwall                 Tmut/Erth      45%        N/A       1%          2
 Wereblood                Tmut           53%        N/A       1%          2
 Petrify                  Tmut/Erth      54%        N/A       1%          4
 Sublimation of Blood     Necr           11%        N/A       7%          2
 Inner Flame              Hex/Fire       19%        N/A       8%          3
 Cause Fear               Hex            13%        N/A       16%         4
 Summon Hydra             Summ           5%         N/A       100%        7
 Discord                  Hex            13%        N/A       100%        8


Dungeon Overview and Level Annotations

Branches:
Dungeon (9/15)             Temple (1/1) D:5
   Lair: D:8-11         Orc: D:9-12

Altars:
Ashenzari
Cheibriados
Dithmenos
Elyvilon
Fedhas
Gozag
Hepliaklqana
Kikubaaqudgha
Makhleb
Nemelex Xobeh
Okawaru
Qazlal
Ru
Sif Muna
Trog
Uskayaw
Vehumet
Wu Jian
Xom
Yredelemnul
Zin
The Shining One

Shops:
D:2 =   D:4 ?   D:9 (


Innate Abilities, Weirdness & Mutations

You cannot wear most types of armour.
You are amphibious.
You can wear up to eight rings at the same time.
Your skin changes colour to match your surroundings (Stealth+).
Your rubbery body absorbs attacks. (AC +1, EV +1)
((You are camouflaged when in or above water. (Stealth+)))
You have tentacles for arms and can constrict up to eight enemies at once.
You are partially covered in iridescent scales. (AC +2)
You are robust. (+10% HP)
Your muscles are very strong. (Str +4)


Message History

Aim: a two-headed ogre, wielding a +0 giant spiked club and a +0 giant club (moderately wounded, 92% to hit)
Okay, then.
Casting: Sandblast (safe; 1% risk of failure)
Confirm with . or Enter, or press ? or * to list all spells.
Aiming: Stone Arrow (mildly dangerous; 2% risk of failure)
Press: ? - help, Shift-Dir - straight line, f - howler monkey, p - two-headed ogre
Aim: a howler monkey (71% to hit)
Okay, then.
The shadow attacks as you move away! The shadow hits you.
The howler monkey attacks as you move away!
The howler monkey barely misses you. The shadow attacks as you move away!
The shadow hits you.
The howler monkey attacks as you move away!
The howler monkey hits you but does no damage.
The howler monkey hits you.
The howler monkey attacks as you move away!
The howler monkey hits you.
Your surroundings seem slightly different.
The shadow slips into darkness.
The shadow flickers and vanishes!
Deactivating autopickup; reactivate with Ctrl-A.
As you read the scroll of summoning, it crumbles to dust.
Wisps of shadow whirl around you...
The howler monkey hoots and howls with incredible vigour!
You hear a shout!
You hear a bark!
You hear a loud, deep croak!
You hear a shout!
You hear a bark!
You hear a shout! x2; You hear a bark!
You hear a shout! x3; You hear a howl!
Your bullfrog hits something.
The shadow strikes at you from the darkness!
* * * LOW HITPOINT WARNING * * *
Reactivating autopickup.
The two-headed ogre closely misses your wyvern. x2
As you read the scroll of fear, it crumbles to dust.
You assume a fearsome visage.
The shadow is unaffected.
The howler monkey looks frightened!
The two-headed ogre resists with some effort.
Your wyvern barely misses the howler monkey.
Your bullfrog hits the shadow but does no damage.
The howler monkey hits your wyvern. The shadow hits you!
You die...

.... #.####........
.....##.)..##........
.........).'..##.....!..
........)..####.........
.......)....##.........#
......................#
..#####.........F....#
..# #......O.W..(.## ..#
#.......lh@..## ..#
#...........##
..#####..........##
......).........##
...............##
..............##
.∩...........#
............# .........


You could see a two-headed ogre, a shadow, a howler monkey (fleeing, ally
target), a friendly wyvern (summoned) and a friendly bullfrog (summoned).

Vanquished Creatures
  A gargoyle (D:6)
  A wraith (D:8)
  Sigmund (D:3)
  3 steam dragons (D:6)
  2 water moccasins
  2 acid dragons
  2 black bears
  An ice beast (D:5)
  3 sky beasts
  An orc warrior (D:8)
  2 kobold brigands (D:8)
  4 bullfrogs
  4 scorpions
  7 wights
  8 killer bees
  3 howler monkeys
  A hound (D:7)
  3 gnoll shamans
  Crazy Yiuf (D:2)
  3 iron imps (D:5)
  A jelly (D:8)
  5 iguanas
  7 orc wizards
  12 gnolls
  5 adders
  A shadow imp (D:5)
  A white imp (D:6)
  2 ufetubi (D:5)
  2 dart slugs (D:2)
  20 orcs
  3 ball pythons
  6 endoplasms
  3 giant cockroaches
  6 goblins (D:1)
  8 hobgoblins
  6 jackals
  4 quokkas
  4 bats
  3 frilled lizards
  11 kobolds
  7 rats
170 creatures vanquished.

Vanquished Creatures (others)
  5 toadstools (D:1)
5 creatures vanquished.

Grand Total: 175 creatures vanquished

Notes
Turn   | Place    | Note
-------+----------+-------------------------------------------
     0 | D:1      | Crownlay the Octopode Earth Elementalist began the quest
                  | for the Orb.
     0 | D:1      | Reached XP level 1. HP: 11/11 MP: 3/3
   211 | D:1      | Reached XP level 2. HP: 8/17 MP: 1/5
  1332 | D:1      | Gained mutation: You are robust. (+10% HP) [potion of
                  | mutation]
  1332 | D:1      | Gained mutation: You are partially covered in iridescent
                  | scales. (AC +2) [potion of mutation]
  1332 | D:1      | Gained mutation: Your muscles are strong. (Str +2) [potion
                  | of mutation]
  1332 | D:1      | Gained mutation: Your muscles are very strong. (Str +4)
                  | [potion of mutation]
  1336 | D:1      | Reached XP level 3. HP: 2/24 MP: 3/6
  1792 | D:2      | Reached skill level 1 in Fighting
  2092 | D:2      | Reached XP level 4. HP: 7/30 MP: 0/8
  2462 | D:2      | Found a runed translucent door.
  2463 | D:2      | Noticed Crazy Yiuf
  2532 | D:2      | Found Moloukhle's Jewellery Shoppe.
  2968 | D:2      | Killed Crazy Yiuf
  3188 | D:3      | Noticed Sigmund
  3461 | D:3      | Reached XP level 5. HP: 36/36 MP: 6/9
  3753 | D:3      | Learned a level 3 spell: Stone Arrow
  4717 | D:4      | Reached XP level 6. HP: 42/42 MP: 7/11
  4781 | D:4      | Found Idul's Magic Scroll Emporium.
  4787 | D:4      | Bought a scroll of fear for 38 gold pieces
  4787 | D:4      | Bought a scroll of identify for 22 gold pieces
  4787 | D:4      | Bought a scroll of identify for 22 gold pieces
  4787 | D:4      | Bought a scroll of summoning for 104 gold pieces
  4907 | D:5      | Entered Level 5 of the Dungeon
  5027 | D:5      | Noticed an ice beast
  5033 | D:5      | Killed an ice beast
  5278 | D:5      | Noticed a sky beast
  5295 | D:5      | Killed a sky beast
  5296 | D:5      | Reached skill level 5 in Earth Magic
  5296 | D:5      | Reached XP level 7. HP: 31/49 MP: 4/13
  5672 | D:5      | Found a burning altar of Makhleb.
  6136 | D:5      | Reached skill level 5 in Spellcasting
  6136 | D:5      | Reached XP level 8. HP: 37/57 MP: 9/15
  6392 | D:5      | Found a staircase to the Ecumenical Temple.
  6401 | Temple   | Entered the Ecumenical Temple
  6772 | Temple   | Became a worshipper of Ashenzari the Shackled
  7001 | D:3      | Killed Sigmund
  8407 | D:6      | Reached XP level 9. HP: 63/63 MP: 8/18
  8410 | D:6      | Identified the +5 dagger "Wev Baph" {flame, Dex+2}
  9280 | D:6      | Identified the +8 hand crossbow of Invincibility {freeze,
                  | Fly Will+}
  9684 | D:6      | Noticed a gargoyle
  9689 | D:6      | Killed a gargoyle
  9690 | D:6      | Reached skill level 5 in Transmutations
 10109 | D:7      | Reached skill level 1 in Unarmed Combat
 10321 | D:7      | Reached * piety under Ashenzari
 10346 | D:7      | Reached skill level 5 in Fighting
 10835 | D:7      | Reached skill level 1 in Hexes
 11466 | D:8      | Reached XP level 10. HP: 72/72 MP: 17/21
 12539 | D:9      | Found Otikofi's Antique Weapon Emporium.
 12564 | D:9      | Noticed a two-headed ogre
 12779 | D:9      | Slain by a shadow

Illustrated notes

Levels and vault maps discovered:
D:1:      ldierk_walled_garden, layout_basic
D:2:      layout_basic, serial_shops, shop, uniq_crazy_yiuf_cottage
D:3:      layout_loops_ring, uniq_sigmund
D:4:      layout_basic, serial_shops, nicolae_square_shop, minivault_19,
          minmay_misc_feat_columns, chequers_serial_rivers_large_a
D:5:      layout_rooms, demons_altar, lemuel_temple_firewalk_a
D:6:      nicolae_cairo_tiling_large_dashed, layout_layer_cave
D:7:      layout_loops_corners
D:8:      layout_rooms, minmay_puff
D:9:      layout_big_octagon, serial_gnoll_camp, gnoll_camp_mini_doghouse,
          gnoll_camp_mini_hut, gnoll_camp_medium_01, gnoll_camp_mini_hut,
          gnoll_camp_huts_moat, serial_shops, shop
Temple:   mainiacjoe_temple_trianglar_array

Skill      XL: |  1  2  3  4  5  6  7  8  9 10 |
---------------+-------------------------------+-----
Fighting       | 1 2 3 4 5 |  5.8
Spellcasting   | 3 4 5 6 7 8 |  8.1
Earth Magic    | 4 5 7 8 |  8.0
Transmutations | 2 3 4 5 6 |  6.1
Unarmed Combat | 2 3 |  3.0
Hexes          | 1 2 |  2.7
Dodging        | |  2.0
Stealth        | |  2.6

Action                   |  1- 3 |  4- 6 |  7- 9 | 10-12 || total
-------------------------+-------+-------+-------+-------++-------
Melee: Unarmed           |    29 |     2 |     2 |       ||    33
       Constrict         |     8 |       |       |       ||     8
       Tentacles         |     7 |       |     2 |       ||     9
       Dagger            |       |       |     6 |       ||     6
 Fire: Hand crossbow     |       |       |    12 |    37 ||    49
 Cast: Sandblast         |    41 |    61 |    20 |     1 ||   123
       Stone Arrow       |       |     2 |    90 |    43 ||   135
Invok: Curse Item        |       |       |     2 |     1 ||     3
  Use: Potion            |     2 |       |       |       ||     2
       Scroll            |       |     6 |     2 |     4 ||    12
 Stab: Sleeping          |     5 |       |       |       ||     5
Armor: Skin              |     3 |     8 |     4 |     2 ||    17
Dodge: Dodged            |    38 |    17 |    19 |    17 ||    91

Table legend: (Time is in decaauts)
 A = Elapsed time spent in this place.
 B = Non-inter-level travel time spent in this place.
 C = Inter-level travel time spent in this place.
 D = Time resting spent in this place.
 E = Time spent auto-exploring this place.
 F = Levels seen in this place.
 G = Mean time per level.
                   A        B        C        D        E       F      G
               +--------+--------+--------+--------+--------+-----+--------+
         Total |  12821 |  12453 |    368 |    269 |  10939 |  10 | 1282.1 |
       Dungeon |  12436 |  12089 |    347 |    269 |  10577 |   9 | 1381.8 |
        Temple |    384 |    363 |     21 |      0 |    362 |   1 |  384.0 |
               +--------+--------+--------+--------+--------+-----+--------+

Top non-repeatable levels by time:
     D:6: 2610 daAuts
     D:5: 1869 daAuts
     D:1: 1770 daAuts
     D:7: 1389 daAuts
     D:2: 1276 daAuts
     D:4: 1201 daAuts
     D:8: 1099 daAuts
     D:3: 965 daAuts
  Temple: 384 daAuts
     D:9: 253 daAuts
